 Dungeon Crawl Stone Soup version 0.28-a0-1524-ge72afd5fc6 (webtiles) character file.

Game seed: 15412148149139181963

18242 pokeman the Eclecticist (level 12, -26/66 HPs)
             Began as a Deep Elf Hedge Wizard on Jan 17, 2022.
             Was an Elder of Vehumet.
             Killed by refrigeration
             ... invoked by Fannar
              (42 damage)
             ... on level 11 of the Dungeon.
             The game lasted 00:42:00 (16169 turns).

pokeman the Eclecticist (Deep Elf Hedge Wizard)    Turns: 16169, Time: 00:42:00

Health: -26/66     AC: 11    Str: 13    XL:     12   Next: 26%
Magic:  1/34       EV: 12    Int: 25    God:    Vehumet [****..]
Gold:   724        SH:  0    Dex: 14    Spells: 28/43 levels left

rFire   + . .      SeeInvis .   m - +2 dagger (venom)
rCold   x . .      Faith    .   (no shield)
rNeg    . . .      Spirit   .   W - +0 acid dragon scales
rPois   .          Reflect  .   r - +0 helmet
rElec   .          Harm     .   U - +0 cloak
rCorr   +          Rampage  .   G - +0 pair of gloves
Will    +....                   T - +0 pair of boots
Stlth   ++++......              (no amulet)
HPRegen 0.21/turn               B - +6 ring of strength
MPRegen 0.24/turn               S - ring of fire

@: very slightly contaminated, studying Stealth
A: no striking features
a: Renounce Religion


You were on level 11 of the Dungeon.
You worshipped Vehumet.
Vehumet was greatly pleased with you.
You visited 2 branches of the dungeon, and saw 12 of its levels.
You also visited: Bailey.

You collected 769 gold pieces.
You spent 45 gold pieces at shops.

Inventory:

Hand Weapons
 m - a +2 dagger of venom (weapon)
 M - a +0 shortbow
Missiles
 h - 223 arrows
 p - 112 bolts
Armour
 r - a +0 helmet (worn)
 G - a +0 pair of gloves (worn)
 K - a +0 kite shield
 R - a +2 leather armour of cold resistance
 T - a +0 pair of boots (worn)
 U - a +0 cloak (worn)
 W - +0 acid dragon scales (worn)
Magical Staves
 w - a staff of fire
Jewellery
 f - a ring of ice
 B - a +6 ring of strength (left hand)
 S - a ring of fire (right hand)
Wands
 o - a wand of charming (8)
 q - a wand of flame (47)
 D - a wand of acid (19)
 E - a wand of mindburst (21)
 H - a wand of paralysis (13)
 L - a wand of iceblast (9)
Scrolls
 e - a scroll of enchant weapon {unknown}
 g - 2 scrolls of magic mapping {unknown}
 j - 2 scrolls of immolation {unknown}
 u - a scroll of acquirement {unknown}
 v - 3 scrolls of noise {unknown}
 y - 7 scrolls of enchant armour {unknown}
 A - 2 scrolls of vulnerability {unknown}
 F - 5 scrolls of identify {unknown}
 I - a scroll of fear {unknown}
 J - a scroll of amnesia {unknown}
 P - a scroll of torment {unknown}
 Q - 2 scrolls of teleportation
 X - a scroll of summoning {unknown}
Potions
 a - 2 potions of degeneration {unknown}
 b - 5 potions of cancellation {unknown}
 c - 6 potions of flight {unknown}
 d - 4 potions of ambrosia {unknown}
 i - 2 potions of berserk rage
 k - 4 potions of attraction {unknown}
 l - 3 potions of mutation {unknown}
 n - 3 potions of brilliance {unknown}
 s - 3 potions of curing
 t - 2 potions of heal wounds {unknown}
 x - 2 potions of invisibility {unknown}
 z - a potion of lignification {unknown}
 C - 6 potions of haste
 N - 3 potions of magic {unknown}
 O - a potion of resistance {unknown}
 V - 2 potions of might {unknown}


   Skills:
 - Level 4.0 Fighting
 - Level 4.0 Armour
 - Level 3.3 Dodging
 + Level 11.4 Stealth
 + Level 3.1 Shields
 * Level 16.3 Spellcasting
 + Level 9.6 Conjurations
 - Level 1.1 Summonings
 - Level 1.1 Translocations
 + Level 8.8 Fire Magic
 - Level 1.1 Air Magic
 - Level 2.1 Earth Magic
 - Level 2.2 Poison Magic
 - Level 1.1 Evocations


You had 28 spell levels left.
You knew the following spells:

 Your Spells              Type           Power      Damage    Failure   Level
a - Magic Dart            Conj           100%       1d8       1%          1
b - Mephitic Cloud        Conj/Pois/Air  42%        N/A       1%          3
c - Call Imp              Summ           25%        N/A       3%          2
d - Blink                 Tloc           50%        N/A       3%          2
e - Conjure Flame         Conj/Fire      79%        6-21      1%          3
f - Foxfire               Conj/Fire      100%       2x1d9     1%          1
g - Stone Arrow           Conj/Erth      98%        3d13      1%          3

Your spell library contained the following spells:

 Spells                   Type           Power      Damage    Failure   Level
 Inner Flame              Hex/Fire       59%        N/A       1%          3
 Searing Ray              Conj           100%       2d8       1%          2
 Ignite Poison            Fire/Tmut/Pois 55%        N/A       1%          3
 Fulminant Prism          Conj/Hex       22%        3d13      1%          4
 Sticky Flame             Conj/Fire      79%        2d9       1%          4
 Animate Skeleton         Necr           40%        N/A       3%          1
 Pain                     Necr           80%        1d8       3%          1
 Slow                     Hex            80%        N/A       3%          1
 Call Canine Familiar     Summ           25%        N/A       7%          3
 Lesser Beckoning         Tloc           25%        N/A       7%          3
 Portal Projectile        Hex/Tloc       46%        N/A       9%          3
 Vampiric Draining        Necr           20%        2d7       11%         3
 Animate Armour           Summ/Erth      56%        N/A       19%         4
 Leda's Liquefaction      Hex/Erth       12%        N/A       24%         4
 Manifold Assault         Tloc           25%        N/A       54%         5
 Lehudib's Crystal Spear  Conj/Erth      24%        10d7      99%         8


Dungeon Overview and Level Annotations

Branches:
Dungeon (11/15)            Temple (1/1) D:4            Lair (0/6) D:11
    Orc (0/2) D:9          Bailey (visited)

Altars:
Ashenzari
Cheibriados
Dithmenos
Gozag
Hepliaklqana
Makhleb
Nemelex Xobeh
Qazlal
Sif Muna
Trog
Uskayaw
Vehumet
Wu Jian
Xom
Zin
The Shining One

Shops:
D:5 *   D:8 *   D:9 =

Annotations:
D:7 Gold behind rock (across water)
D:11 Fannar


Message History

Fannar is engulfed in noxious fumes.
Fannar mumbles some strange words.
Unknown command.
Fannar casts a spell.
Casting: Mephitic Cloud (safe; 1% risk of failure)
Confirm with . or Enter, or press ? or * to list all spells.
Aiming: Stone Arrow (safe; 1% risk of failure)
Press: ? - help, Shift-Dir - straight line, f/p - Fannar
Aim: Fannar, wielding a +0 quarterstaff of freezing, wearing a +2 robe of cold resistance and wearing a ring of ice (heavily wounded, 60% to hit)
You miscast Stone Arrow.
You are very lightly contaminated with residual magic.
Nothing appears to happen.
Casting: Stone Arrow (safe; 1% risk of failure)
Confirm with . or Enter, or press ? or * to list all spells.
Aiming: Stone Arrow (safe; 1% risk of failure)
Press: ? - help, Shift-Dir - straight line, f/p - Fannar
Aim: Fannar, wielding a +0 quarterstaff of freezing, wearing a +2 robe of cold resistance and wearing a ring of ice (heavily wounded, 60% to hit)
The stone arrow misses Fannar.
The stone arrow hits the ice beast!
The ice beast is heavily wounded.
The ice beast misses you.
Casting: Stone Arrow (safe; 1% risk of failure)
Confirm with . or Enter, or press ? or * to list all spells.
You don't have enough magic to cast this spell.
Unknown command.
Aiming: Corrosive Bolt
Press: ? - help, Shift-Dir - straight line, f/p - Fannar
Aim: Fannar, wielding a +0 quarterstaff of freezing, wearing a +2 robe of cold resistance and wearing a ring of ice (heavily wounded, 53% to hit)
The bolt of acid hits Fannar!
Fannar is heavily wounded.
The ice beast closely misses you.
Aiming: Corrosive Bolt
Press: ? - help, Shift-Dir - straight line, f/p - Fannar
Aim: Fannar, wielding a +0 quarterstaff of freezing, wearing a +2 robe of cold resistance and wearing a ring of ice (heavily wounded, 53% to hit)
The bolt of acid hits Fannar!
The acid corrodes Fannar!
Fannar is severely wounded.
Fannar casts a spell.
Fannar drains the heat from the surrounding environment!
You feel a terrible chill!
Ouch! That really hurt!
You die...

......## ##.## ........
.... .....########...
.....#......#... ### ....
.....#... #.# ..# ...#...
#.##.[##.######.#...
#§.@Y...............
#.##○e..######...#.#. ##
#Y..## ##..#.#.
#######○...# #..#.#.
#......†.°.# #...#.#...
#..........# #...#.....
#..........#####...##.###
#.................. ...
#.........######... ##.#


You could see Fannar (corroded) and 2 ice beasts.

Vanquished Creatures
  Gastronok (D:8)
  Harold (D:7)
  3 hydras
  Erica (D:8)
  A two-headed ogre (D:10)
  Sonja (D:10)
  An orc knight (Bailey)
  A wolf spider zombie (D:10)
  7 centaur zombies
  Maurice (D:8)
  Psyche (D:9)
  2 hellwings (D:10)
  3 trolls
  A hornet (D:8)
  2 meliai zombies
  A vampire (D:11)
  A shadow (D:6)
  5 yaks (D:10)
  Eustachio (D:4)
  Sigmund (D:5)
  A wyvern (D:8)
  A water elemental (D:11)
  2 wraiths
  2 steam dragons
  Duvessa (D:4)
  Edmund (D:5)
  3 acid dragons
  3 water moccasins
  7 orc warriors
  2 black bears
  2 ice beasts
  3 necrophages
  A wolf (D:11)
  6 centaurs
  The ghost of knot the Chopper, an amateur DsBe of Trog (D:3)
  3 ogres
  A phantom (D:5)
  4 kobold brigands
  3 gnoll sergeants (D:9)
  2 scorpions
  A wyvern skeleton (D:7)
  Dowan (D:4)
  3 howler monkeys
  2 electric eels (D:11)
  2 bullfrog zombies
  8 hounds
  4 orc priests
  2 jellies
  3 centaur skeletons
  A gnoll shaman (D:8)
  3 iguanas
  12 orc wizards
  Robin (D:3)
  16 gnolls
  6 adders
  4 shadow imps
  A white imp (D:7)
  An ufetubus (D:7)
  4 worms
  4 dart slugs
  37 orcs
  4 ball pythons
  7 bats
  5 endoplasms
  5 giant cockroaches
  7 goblins
  7 hobgoblins
  2 jackals (D:5)
  3 quokkas
  4 frilled lizards
  10 kobolds
  3 rats
  A foxfire (Bailey)
259 creatures vanquished.

Vanquished Creatures (collateral kills)
  2 foxfires (D:9)
2 creatures vanquished.

Vanquished Creatures (others)
  A ball python (D:2)
  352 foxfires
  11 withered plants (D:10)
364 creatures vanquished.

Grand Total: 625 creatures vanquished

Notes
Turn   | Place    | Note
-------+----------+-------------------------------------------
     0 | D:1      | pokeman the Deep Elf Hedge Wizard began the quest for the
                  | Orb.
     0 | D:1      | Reached XP level 1. HP: 10/10 MP: 7/7
    31 | D:1      | Found a faded altar of an unknown god.
   416 | D:1      | Reached XP level 2. HP: 15/15 MP: 7/9
  1284 | D:2      | Reached skill level 5 in Spellcasting
  1318 | D:2      | Reached XP level 3. HP: 18/20 MP: 0/11
  1322 | D:2      | Learned a level 3 spell: Mephitic Cloud
  1325 | D:2      | Learned a level 2 spell: Call Imp
  1328 | D:2      | Learned a level 2 spell: Blink
  1332 | D:2      | Learned a level 3 spell: Conjure Flame
  1742 | D:2      | Found a burning altar of Makhleb.
  1835 | D:2      | Reached skill level 1 in Fighting
  1835 | D:2      | Reached skill level 1 in Armour
  2119 | D:3      | Reached XP level 4. HP: 25/25 MP: 11/13
  2486 | D:3      | Reached skill level 1 in Fire Magic
  2819 | D:3      | Reached skill level 6 in Spellcasting
  2871 | D:3      | Noticed Robin
  2888 | D:3      | Killed Robin
  2893 | D:3      | Reached XP level 5. HP: 22/29 MP: 8/15
  2900 | D:3      | Noticed knot's ghost (amateur DsBe)
  2922 | D:3      | Noticed an ice beast
  2968 | D:3      | Found a transporter.
  3016 | D:3      | Found a transporter.
  3259 | D:4      | Noticed a black bear
  3275 | D:4      | Killed a black bear
  3276 | D:4      | Reached skill level 1 in Air Magic
  3457 | D:4      | Reached XP level 6. HP: 27/34 MP: 14/17
  3566 | D:4      | Noticed Eustachio
  3582 | D:4      | Killed Eustachio
  3583 | D:4      | Reached skill level 7 in Spellcasting
  3583 | D:4      | Reached skill level 1 in Poison Magic
  3792 | D:4      | Noticed Dowan
  3801 | D:4      | Noticed Duvessa
  3807 | D:4      | Killed Dowan
  3828 | D:4      | Killed Duvessa
  3829 | D:4      | Reached skill level 1 in Evocations
  3829 | D:4      | Reached XP level 7. HP: 31/38 MP: 0/20
  3977 | D:4      | Reached skill level 8 in Spellcasting
  4134 | D:4      | Found a staircase to the Ecumenical Temple.
  4156 | Temple   | Entered the Ecumenical Temple
  4164 | Temple   | Became a worshipper of Vehumet
  4472 | D:4      | Found an ornate altar of the Wu Jian Council.
  4533 | D:5      | Entered Level 5 of the Dungeon
  4954 | D:5      | Noticed Sigmund
  4976 | D:5      | Killed Sigmund
  4977 | D:5      | Reached skill level 9 in Spellcasting
  4977 | D:5      | Reached XP level 8. HP: 42/44 MP: 8/23
  5085 | D:5      | Found Zin's Purification Station.
  5085 | D:5      | Found a glowing silver altar of Zin.
  5415 | D:5      | Noticed Edmund
  5423 | D:5      | Killed Edmund
  5684 | D:5      | Reached skill level 5 in Conjurations
  6116 | D:6      | Found a sparkling altar of Nemelex Xobeh.
  6477 | D:6      | Reached skill level 10 in Spellcasting
  6584 | D:6      | Found a stormy altar of Qazlal.
  7232 | D:6      | Reached XP level 9. HP: 48/48 MP: 12/25
  7388 | D:6      | Reached * piety under Vehumet
  7388 | D:6      | Offered knowledge of Foxfire by Vehumet.
  7394 | D:6      | Learned a level 1 spell: Foxfire
  7568 | D:6      | Reached skill level 11 in Spellcasting
  7889 | D:7      | Found an opulent altar of Gozag.
  7897 | D:7      | Found an opulent altar of Gozag.
  7934 | D:7      | Found a flagged portal.
  7943 | Bailey   | Entered a bailey
  8392 | Bailey   | Noticed an orc knight
  8411 | Bailey   | Killed an orc knight
  8412 | Bailey   | Reached skill level 5 in Fire Magic
  8468 | Bailey   | Offered knowledge of Sandblast by Vehumet.
  8666 | D:7      | Noticed Harold
  8854 | D:7      | Found an opulent altar of Gozag.
  8899 | D:7      | Found an opulent altar of Gozag.
  8929 | D:7      | Reached skill level 12 in Spellcasting
  8975 | D:7      | Killed Harold
  9332 | D:7      | Reached XP level 10. HP: 52/53 MP: 18/28
  9346 | D:7      | Reached ** piety under Vehumet
 10209 | D:8      | Noticed Gastronok
 10234 | D:8      | Killed Gastronok
 10235 | D:8      | Reached skill level 5 in Stealth
 10235 | D:8      | Reached skill level 13 in Spellcasting
 10403 | D:8      | Paralysed by a hornet for 3 turns
 11046 | D:8      | Noticed Maurice
 11062 | D:8      | Killed Maurice
 11084 | D:8      | Offered knowledge of Scorch by Vehumet.
 11138 | D:8      | Found Ibuysu's General Store.
 11147 | D:8      | Bought a scroll of teleportation for 45 gold pieces
 11189 | D:8      | Noticed Erica
 11203 | D:8      | Killed Erica
 11204 | D:8      | Reached skill level 14 in Spellcasting
 11771 | D:3      | Killed knot's ghost
 12234 | D:9      | Found a staircase to the Orcish Mines.
 12248 | D:9      | Reached XP level 11. HP: 37/60 MP: 25/31
 12253 | D:9      | Reached *** piety under Vehumet
 12297 | D:9      | Offered knowledge of Fulminant Prism by Vehumet.
 12604 | D:9      | Found Jagisi's Jewellery Boutique.
 13309 | D:9      | Noticed Psyche
 13320 | D:9      | Killed Psyche
 13478 | D:9      | Learned a level 3 spell: Stone Arrow
 13609 | D:10     | Entered Level 10 of the Dungeon
 13761 | D:10     | Reached skill level 1 in Earth Magic
 13765 | D:10     | Noticed Sonja
 14183 | D:10     | Noticed a four-headed hydra
 14195 | D:10     | Killed a four-headed hydra
 14196 | D:10     | Reached skill level 1 in Shields
 14196 | D:10     | Reached skill level 15 in Spellcasting
 14522 | D:10     | HP: 1/61 [shadow imp/nerve-wracking pain (7)]
 14826 | D:10     | Noticed a two-headed ogre
 14830 | D:10     | Killed a two-headed ogre
 14920 | D:10     | Reached skill level 10 in Stealth
 14923 | D:10     | Reached **** piety under Vehumet
 15083 | D:10     | Killed Sonja
 15329 | D:10     | Found a glowing golden altar of the Shining One.
 15721 | D:11     | Noticed a six-headed hydra
 15732 | D:11     | Killed a six-headed hydra
 15733 | D:11     | Reached XP level 12. HP: 66/66 MP: 11/33
 15902 | D:11     | Noticed a four-headed hydra
 15911 | D:11     | Killed a four-headed hydra
 15912 | D:11     | Reached skill level 16 in Spellcasting
 15991 | D:11     | Offered knowledge of Inner Flame by Vehumet.
 16069 | D:11     | Found a staircase to the Lair.
 16146 | D:11     | Noticed Fannar
 16169 | D:11     | Killed from afar by Fannar

Illustrated notes

Levels and vault maps discovered:
D:1:      amcnicky_arrival_underground_garden, layout_loops_ring,
          dreamdust_ecumenical_altar_grove, st_stairs_7, glass_columns_a,
          patterned_corridor
D:2:      layout_rooms, basic_altar, lemuel_old_faithful
D:3:      layout_loops_ring, gammafunk_ghost_arena, uniq_robin
D:4:      layout_basic, marbit_many_paths, temple_fountains, uniq_duvessa,
          uniq_eustachio
D:5:      layout_basic, zin_purify, roderic_serpentine_path, uniq_edmund,
          uniq_sigmund
D:6:      layout_basic, nicolae_qazlal_scattered_showers, pf_just_have_faith
D:7:      layout_cave_pools, nicolae_gozag_conspicuous_consumption,
          enter_bailey_2, minmay_manual_mares, uniq_harold
D:8:      layout_basic, serial_shops, shop, uniq_maurice, uniq_erica,
          uniq_gastronok
D:9:      layout_gridville, kennysheep_orc_monster_closet_entryway,
          serial_shops, shop, uniq_psyche
D:10:     cheibrodos_grave_circle, layout_basic, nicolae_tso_swordbearing_angel,
          uniq_sonja
D:11:     layout_basic, erik_lair_island, serial_shops,
          nicolae_shop_hallway_stairs, kennysheep_little_box, uniq_josephine,
          uniq_fannar
Temple:   lightli_temple_of_artemis

Skill      XL: |  1  2  3  4  5  6  7  8  9 10 11 12 |
---------------+-------------------------------------+-----
Spellcasting   | 5 6 7 9 10 12 14 15 16 | 16.3
Fighting       | 1 2 3 4 |  4.0
Armour         | 1 2 4 |  4.0
Conjurations   | 2 3 4 5 7 8 9 |  9.6
Fire Magic     | 1 2 4 5 7 8 |  8.8
Dodging        | 3 |  3.3
Air Magic      | 1 |  1.1
Stealth        | 3 7 10 11 | 11.4
Poison Magic   | 2 |  2.2
Evocations     | 1 |  1.1
Earth Magic    | 2 |  2.1
Shields        | 2 3 |  3.1
Summonings     | |  1.1
Translocations | |  1.1

Action                   |  1- 3 |  4- 6 |  7- 9 | 10-12 || total
-------------------------+-------+-------+-------+-------++-------
Melee: Dagger            |     8 |    62 |    80 |   113 ||   263
       Punch             |       |     1 |     1 |     6 ||     8
 Cast: Magic Dart        |    85 |    53 |   135 |    13 ||   286
       Mephitic Cloud    |     1 |    10 |    25 |    35 ||    71
       Conjure Flame     |       |     1 |    26 |    57 ||    84
       Call Imp          |       |     1 |     2 |     4 ||     7
       Blink             |       |       |     3 |     9 ||    12
       Foxfire           |       |       |    82 |   112 ||   194
       Stone Arrow       |       |       |       |    62 ||    62
Evoke: Wand              |       |       |     1 |     2 ||     3
 Stab: Confused          |     1 |     6 |     7 |     9 ||    23
       Sleeping          |     1 |       |       |       ||     1
Armor: Leather armour    |     6 |     7 |    24 |    81 ||   118
       Acid dragon scale |       |       |       |    15 ||    15
Dodge: Dodged            |    12 |    18 |    77 |   105 ||   212

Table legend: (Time is in decaauts)
 A = Elapsed time spent in this place.
 B = Non-inter-level travel time spent in this place.
 C = Inter-level travel time spent in this place.
 D = Time resting spent in this place.
 E = Time spent auto-exploring this place.
 F = Levels seen in this place.
 G = Mean time per level.
                   A        B        C        D        E       F      G
               +--------+--------+--------+--------+--------+-----+--------+
         Total |  16183 |  15563 |    620 |   1472 |  11738 |  13 | 1244.8 |
       Dungeon |  15452 |  14839 |    613 |   1426 |  11252 |  11 | 1404.7 |
        Temple |     16 |      9 |      7 |      0 |      0 |   1 |   16.0 |
        Bailey |    714 |    714 |      0 |     46 |    486 |   1 |  714.0 |
               +--------+--------+--------+--------+--------+-----+--------+

Top non-repeatable levels by time:
     D:6: 2327 daAuts
     D:9: 2124 daAuts
     D:8: 1652 daAuts
    D:10: 1604 daAuts
     D:5: 1516 daAuts
     D:3: 1304 daAuts
     D:4: 1297 daAuts
     D:1: 1087 daAuts
     D:7: 1057 daAuts
     D:2: 1027 daAuts
  Bailey: 714 daAuts
    D:11: 453 daAuts
  Temple: 16 daAuts
